 Dungeon Crawl Stone Soup version 0.19.0-20-gbc5f0c6 (webtiles) character file.

124 Charly the Chopper (level 5, 0/27 HPs)
             Began as a Vine Stalker Berserker on Nov 18, 2016.
             Was a Follower of Trog.
             Succumbed to a worker ant's poison
             ... on level 5 of the Dungeon.
             The game lasted 00:03:21 (385 turns).

Charly the Chopper (Vine Stalker Berserker)          Turns: 385, Time: 00:03:22

Health: 0/27       AC:  8    Str: 19    XL:     5   Next: 8%
Magic:  6/6        EV:  8    Int:  7    God:    Trog [*.....]
Gold:   29         SH:  0    Dex: 15    Spells: 0 memorised, 4 levels left

rFire  . . .     SeeInvis .     a - +0 hand axe
rCold  . . .     Gourm    .     i - +0 chain mail
rNeg   . . .     Faith    .     (no shield)
rPois  .         Spirit   +     (no helmet)
rElec  .         Reflect  .     (no cloak)
rCorr  .         Harm     .     (no gloves)
MR     .....                    (no boots)
Stlth  ..........               (no amulet)
                                (no ring)
                                (no ring)

@: lethally poisoned (0 -> 0), exhausted, flying, slowed, very slow
A: fangs 2, regeneration 1, magic shield, antimagic bite, no device heal 3, rot
immunity
a: Berserk, Burn Spellbooks, Renounce Religion


You were on level 5 of the Dungeon.
You worshipped Trog.
Trog was aware of your devotion.
You were near starving.

You visited 1 branch of the dungeon, and saw 5 of its levels.

You collected 29 gold pieces.

Inventory:

Hand Weapons
 a - a +0 hand axe (weapon)
Armour
 i - a +0 chain mail (worn)
Scrolls
 e - a scroll of fog {unknown}
 f - 2 scrolls of identify {unknown}
 g - a scroll of teleportation {unknown}
Comestibles
 c - a bread ration


   Skills:
 - Level 2.6 Fighting
 + Level 5.1 Axes
 - Level 1.5 Armour
 - Level 1.5 Dodging


You had 4 spell levels left.
You didn't know any spells.

Dungeon Overview and Level Annotations

Branches:
Dungeon (5/15)
 Temple: D:4-7

Altars:
Nemelex Xobeh


Innate Abilities, Weirdness & Mutations

You have extremely sharp teeth.
Your natural rate of healing is unusually fast.
When hurt, damage is shared between your health and your magic reserves.
Your bite disrupts and absorbs the magic of your enemies.
Potions and wands cannot restore your health.
You are immune to rotting.


Message History

It was a potion of ambrosia.
You are confused.
Your system rejects the healing.
You feel invigorated.
* * * LOW HITPOINT WARNING * * *
You feel sick.
It was a potion of flight.
You feel very buoyant.
You fly up into the air.
* * * LOW HITPOINT WARNING * * *
You feel sick. The orc hits you with a dagger. The orc barely misses you.
Unknown command.
You closely miss the orc.
* * * LOW HITPOINT WARNING * * *
You feel sick. The orc hits you with a dagger.
Unknown command.
You hit the orc but do no damage. Your bite misses the orc.
You feel less invigorated.
You feel less confused.
You are near starving!
You die...

#.......#### #...## o#
##.....(...# ##..o .<#
#.#######.# #..# ..# #...##
#.# #..# #.# ###..# #.#
#..###..#
##.####.#######o...†.######
#..............o.....$....
######....####.#.#########
####.##@o.#.# #)##..##..
######))..#####.
#.........# #. #.).......#
#. #.........# #.
###########


You could see an orc priest and an orc.

Vanquished Creatures
  2 orc wizards
  A bullfrog skeleton (D:5)
  A worker ant (D:5)
  5 orcs
  A giant cockroach (D:3)
  A goblin (D:3)
  2 hobgoblins
  2 jackals (D:2)
  2 bats
  A frilled lizard (D:3)
18 creatures vanquished.

Notes
Turn   | Place    | Note
-------+----------+-------------------------------------------
     0 | D:1      | Charly the Vine Stalker Berserker began the quest for the Orb.
     0 | D:1      | Reached XP level 1. HP: 11/11 MP: 2/2
    79 | D:2      | Reached skill level 3 in Axes
   137 | D:3      | Noticed an orc wizard
   137 | D:3      | Reached XP level 2. HP: 16/16 MP: 3/3
   185 | D:3      | Reached skill level 4 in Axes
   185 | D:3      | Reached XP level 3. HP: 19/19 MP: 4/4
   219 | D:3      | Found a sparkling altar of Nemelex Xobeh.
   242 | D:5      | Entered Level 5 of the Dungeon
   253 | D:5      | Gained mutation: Your natural rate of healing is unusually fast. [Vine Stalker growth]
   253 | D:5      | Reached XP level 4. HP: 23/23 MP: 5/5
   376 | D:5      | Reached skill level 5 in Axes
   376 | D:5      | Reached XP level 5. HP: 3/27 MP: 6/6
   377 | D:5      | HP: 2/40 [poisoned by a worker ant]
   382 | D:5      | HP: 1/27 [poisoned by a worker ant]
   385 | D:5      | Succumbed to a worker ant's poison

Skill      XL: |  1  2  3  4 |
---------------+-------------+-----
Axes           | 3 4 5 |  5.1
Fighting       | |  2.6
Armour         | |  1.5
Dodging        | |  1.5

Action                   |  1- 3 |  4- 6 || total
-------------------------+-------+-------++-------
Melee: Hand axe          |    32 |    32 ||    64
       Bite              |     6 |     6 ||    12
Invok: Berserk           |     3 |     2 ||     5
  Use: Potion            |       |     2 ||     2
  Eat: Chunk             |       |     2 ||     2
Armor: Animal skin       |    11 |       ||    11
       Chain mail        |     4 |    18 ||    22
Dodge: Dodged            |    12 |     4 ||    16
